 Dungeon Crawl Stone Soup version 0.31-a0-840-g6d2ecbb638 (webtiles) character file.

Game seed: 3279790161977434964

174314 CrazyBamboolord the Destroyer (level 18, -5/112 HPs)
             Began as a Gargoyle Earth Elementalist on Sept 27, 2023.
             Was the Champion of Vehumet.
             Slain by a vampire knight
             ... wielding a +0 battleaxe
              (30 damage)
             ... while paralysed by a vampire knight
             ... on level 4 of the Swamp.
             The game lasted 01:46:09 (37465 turns).

CrazyBamboolord the Destroyer (GrEE)               Turns: 37465, Time: 01:46:10

Health: -5/112     AC: 28    Str: 18    XL:     18   Next: 7%
Magic:  22/44      EV:  2    Int: 34    God:    Vehumet [******]
Gold:   1277       SH:  0    Dex: 17    Spells: 6/44 levels left

rFire   . . .        n - +7 staff of the Meek {protect, meekguard}
rCold   x . .        (shield currently unavailable)
rNeg    + . .        Z - +4 robe "Omahosog" {MP+9}
rPois   ∞            u - +2 helmet {Int+3}
rElec   +            B - +2 cloak {rCorr}
rCorr   +            h - +0 pair of gloves "Fis Enue" {Str+4 Dex+3}
SInv    .            K - +1 pair of boots of Nistas {rC- Int+3 Dex+4}
Will    ++...        U - amulet of magic regeneration
Stlth   +++          z - +6 ring of intelligence
HPRegen 0.38/turn    N - ring of wizardry
MPRegen 0.69/turn

%: wizardry (x1)
@: paralysed, enlightened, flying
A: sickness immunity, AC +13, big wings, negative energy resistance 1,
electricity resistance, torment resistance 1, petrification resistance
a: Renounce Religion


You were on level 4 of the Swamp.
You worshipped Vehumet.
Vehumet was exalted by your worship.
You visited 5 branches of the dungeon, and saw 27 of its levels.
You also visited: Sewer, Bailey, Gauntlet and Volcano.

You collected 2763 gold pieces.
You spent 1486 gold pieces at shops.

Inventory:

Hand Weapons
 n - the +7 staff of the Meek (weapon) {protect, meekguard}
   (You found it on level 2 of the Lair of Beasts)
Missiles
 y - 2 throwing nets
Armour
 d - a +2 pair of boots
 h - the +0 pair of gloves "Fis Enue" (worn) {Str+4 Dex+3}
   (You bought it in a shop on level 2 of the Orcish Mines)

   Str+4:     It affects your strength (+4).
   Dex+3:     It affects your dexterity (+3).
 u - a +2 helmet of intelligence (worn)
 B - a +2 cloak of preservation (worn)
 G - a +2 helmet of see invisible
 J - a +0 cloak of fire resistance
 K - the +1 pair of boots of Nistas (worn) {rC- Int+3 Dex+4}
   (You found it on level 10 of the Dungeon)

   Int+3:     It affects your intelligence (+3).
   Dex+4:     It affects your dexterity (+4).
   rC-:       It makes you vulnerable to cold.
 Z - the +4 robe "Omahosog" (worn) {MP+9}
   (You bought it in a shop on level 2 of the Orcish Mines)

   MP+9:      It affects your magic capacity (+9).
Jewellery
 v - a ring of positive energy
 x - a ring of protection from cold
 z - a +6 ring of intelligence (left hand)
 H - a ring of fire
 I - a +6 ring of intelligence
 N - a ring of wizardry (right hand)
 U - an amulet of magic regeneration (around neck)
Wands
 r - a wand of paralysis (12)
 t - a wand of digging (6)
 D - a wand of flame (46)
 L - a wand of mindburst (16)
 M - a wand of roots (12)
 R - a wand of quicksilver (6)
Scrolls
 a - 3 scrolls of fear
 b - 3 scrolls of teleportation
 l - a scroll of revelation
 q - 4 scrolls of fog
 A - a scroll of acquirement
 F - 3 scrolls of poison
 O - 2 scrolls of torment
 P - 2 scrolls of immolation
 T - 3 scrolls of identify
 W - a scroll of vulnerability
Potions
 c - 8 potions of curing
 e - 3 potions of attraction
 f - 6 potions of haste
 g - 4 potions of lignification
 j - 3 potions of heal wounds
 k - 2 potions of cancellation
 m - 5 potions of mutation
 o - a potion of brilliance
 p - 4 potions of enlightenment
 w - 7 potions of might
 E - 5 potions of invisibility
 Q - 9 potions of ambrosia
 Y - a potion of resistance
Miscellaneous
 i - a phantom mirror
 s - a lightning rod (4/4)
 X - a sack of spiders


   Skills:
 - Level 12.0 Fighting
 - Level 8.0 Staves
 + Level 10.9 Dodging
 - Level 5.0 Stealth
 + Level 13.6 Spellcasting
 + Level 14.4 Conjurations
 - Level 4.0 Transmutations
 + Level 13.9 Fire Magic
 + Level 13.8 Earth Magic


You had 6 spell levels left.
You knew the following spells:

 Your Spells              Type           Power      Damage    Failure   Level
a - Bombard               Conj/Erth      43%        9d7       1%          6
b - Passwall              Tmut/Erth      59%        N/A       1%          2
c - Stone Arrow           Conj/Erth      100%       3d13      0%          3
d - Lee's Rapid Deconstr  Erth           43%        3d21*     1%          5
e - Brom's Barrelling Bo  Conj/Erth      87%        2d10      1%          4
g - Starburst             Conj/Fire      44%        6d12      1%          6
h - Sticky Flame          Conj/Fire      88%        2d10      1%          4
i - Ignition              Fire           43%        3d13      4%          8

Your spell library contained the following spells:

 Spells                   Type           Power      Damage    Failure   Level
 Lehudib's Crystal Spear  Conj/Erth      43%        10d11     4%          8
 Fire Storm               Conj/Fire      44%        8d11      45%         9
 Shatter                  Erth           43%        3d34*     47%         9
 Foxfire                  Conj/Fire      100%       2x1d9     0%          1
 Sandblast                Erth           100%       2d20      0%          1
 Sting                    Tmut/Pois      100%       1d8       1%          1
 Ensorcelled Hibernation  Hex/Ice        46%        N/A       1%          2
 Wereblood                Tmut           50%        N/A       1%          2
 Ignite Poison            Fire/Tmut/Pois 59%        N/A       1%          3
 Petrify                  Tmut/Erth      71%        N/A       1%          4
 Plasma Beam              Fire/Air       31%        2x1d44    1%          6
 Summon Guardian Golem    Hex/Summ       23%        N/A       2%          3
 Swiftness                Air            23%        N/A       2%          3
 Animate Dead             Necr           23%        N/A       8%          4
 Manifold Assault         Tloc           23%        N/A       8%          4
 Dispersal                Tloc           11%        N/A       69%         6
 Simulacrum               Ice/Necr       11%        N/A       69%         6
 Orb of Destruction       Conj           44%        9d12      1%          7
 Spellforged Servitor     Conj/Summ      32%        N/A       10%         7
 Ozocubu's Refrigeration  Ice            11%        4d10      75%         7
 Haunt                    Necr/Summ      11%        N/A       99%         7
 Summon Hydra             Summ           11%        N/A       99%         7
 Disjunction              Tloc           11%        N/A       100%        8
 Infestation              Necr           11%        N/A       100%        8
 Polar Vortex             Ice            11%        12d1*     100%        9
 Cigotuvi's Dreadful Rot  Necr/Pois/Air  Unusable   N/A       N/A         2
 Sublimation of Blood     Necr           Unusable   N/A       N/A         2

Dungeon Overview and Level Annotations

Branches:
Dungeon (15/15)            Temple (1/1) D:5            Lair (5/5) D:11
  Swamp (4/4) Lair:3        Snake (0/4) Lair:3        Slime (0/5) Lair:5
    Orc (2/2) D:11            Elf (0/3) Orc:2        Vaults (0/5) D:13
 Depths (0/4) D:15          Sewer (visited)          Bailey (visited)
Volcano (visited)         Gauntlet (visited)

Altars:
Ashenzari
Cheibriados
Dithmenos
Elyvilon
Fedhas
Gozag
Hepliaklqana
Kikubaaqudgha
Makhleb
Nemelex Xobeh
Okawaru
Qazlal
Ru
Sif Muna
Trog
Uskayaw
Vehumet
Wu Jian
Xom
Yredelemnul
Zin
The Shining One
Jiyva

Shops:
D:10 [   Orc:2 [!*[

Annotations:
Lair:1 1 exclusion
Swamp:4 2 exclusions
Orc:1 2 transporters, Essalna's ghost, journeyman GrFE


Innate Abilities, Weirdness & Mutations

You are immune to sickness and miasma.
Your stone body is resilient. (AC +13)
You are immune to poison.
Your large and strong wings let you fly.
You resist negative energy. (rN+)
You are resistant to electric shocks. (rElec)
You are resistant to unholy torment.
You are immune to petrification.


Message History

The briar patch crumbles away.
The hornet stings you but does no damage.
The phantasmal warrior gestures at you.
The phantasmal warrior blinks!
The grasping roots constrict you!
* * * LOW HITPOINT WARNING * * *
The vampire knight gestures wildly while chanting.
The vampire knight flickers and vanishes!
Deactivating autopickup; reactivate with Ctrl-A.
The hornet stings you.
* * * LOW HITPOINT WARNING * * *
You can move again.
A death drake zombie comes into view.
Unknown command.
Blink to where?
Press: ? - help, Dir - move target You escape the roots grasp.
As you read the scroll of blinking, it crumbles to dust.
The sentinel's mark upon you fades away.
The vampire knight gestures wildly while chanting.
The vampire knight seems to speed up.
Casting: Ignition (dangerous; 4% risk of failure)
Confirm with . or Enter, or press ? or * to list all spells.
Okay, then.
You feel much better.
Unknown command.
You feel more buoyant. Something hits you!
* * * LOW HITPOINT WARNING * * *
Something bites you but does no damage.
You hear a splashing noise. x2
As you read the scroll of fear, it crumbles to dust.
You assume a fearsome visage.
The death drake zombie is unaffected.
The phantasmal warrior is unaffected.
The vampire knight is unaffected.
The hornet looks frightened!
The death drake zombie is unaffected.
You hear some strange, mumbled words.
You suddenly lose the ability to move!
A five-headed hydra zombie comes into view.
The vampire knight casts a spell at you.
You shrug off the repeated paralysis!
Something hits you!!
You die...

~~,,~,,,,,,,,~,,~....§†~....~..♣♣
~,,,,,,~,~..~~.~.§§..~§~♣.~....♣
~~~~,,,~~...~..~~~.........~~~.♣
,§~,~,~,,~..~~.~~~§....~...(...♣
~,...§.~~~.~.......~~.~~~....~.♣
~,n~.~...~?~.~.~.§.~~.....†.~§.♣
§~.§§..~~~...~...~~.§~~~...†..~♣
~.§§§§§.§..~~...{.....~~~.†...~♣♣
...†.~)~.Z...Z..@...~~.~~~......♣
.§~.†...~~~~.ZV....~.~....~..~.♣♣
....ff~.~§.~..~.....~~~...~♣~~.♣♣
..~..§†.......~..~.~.~.~....♣~~.♣
..~.~...~......§....~§..~...~♣.♣♣
.~.)~.††§.....§..~~~.....~.~♣.♣♣
....~~...~yW~~....~..~~..~...~.♣
......§.~..†....~..§~.♣.......♣♣
.~..~...~~.†.~...~...♣♣♣..~~..♣


You could see a vampire knight (fast), a phantasmal warrior, a hornet (fleeing),
a five-headed hydra zombie and 2 death drake zombies.

Vanquished Creatures
  Mlioglotl (Swamp:1)
  Frances (D:13)
  4 thorn hunters
  A fenstrider witch (Swamp:3)
  An orc warlord (Bailey)
  6 ghouls
  6 bunyips
  4 eleionomae
  A minotaur (Gauntlet)
  2 dire elephants
  Azrael (Orc:1)
  A red draconian (Volcano)
  Snorg (Orc:1)
  Josephine (D:14)
  3 shambling mangroves
  6 centaur warriors
  16 hydras
  3 ghost crabs
  A catoblepas (Lair:5)
  10 alligators
  3 tengu warriors
  7 two-headed ogres
  3 orc high priests (Orc:2)
  4 boulder beetles
  Urug (Lair:2)
  8 spriggans
  8 goliath frogs
  2 skysharks
  A salamander mystic (Volcano)
  4 spriggan druids
  4 swamp dragons
  A flayed ghost (Swamp:4)
  3 bog bodies
  8 orc knights
  3 lindwurms
  A necromancer (D:13)
  A wizard (D:15)
  Pikel (D:9)
  A deep elf pyromancer (D:15)
  A spectral hydra (Swamp:4)
  10 ugly things
  An oklob plant (Lair:4)
  4 orc sorcerers (Orc:2)
  3 will-o-the-wisps
  3 salamanders
  10 cyclopes
  A worldbinder (Gauntlet)
  4 elephants (Lair:3)
  7 manticores
  9 black mambas
  10 cane toads
  4 molten gargoyles (Volcano)
  3 unseen horrors
  A torpor snail (Lair:5)
  3 gargoyles
  6 komodo dragons
  13 rime drakes
  An efreet (D:10)
  A freezing wraith (Swamp:4)
  A hydra zombie (Swamp:4)
  2 bloated husks (Swamp:1)
  12 polar bears
  3 meliai (D:13)
  2 queen bees
  7 trolls
  A queen bee (shapeshifter) (D:14)
  14 hornets
  5 tyrant leeches
  3 raiju (Lair:5)
  Grinder (D:3)
  35 blink frogs
  5 dream sheep (Lair:5)
  12 slime creatures
  Sigmund (D:2)
  A shadow (D:9)
  8 flying skulls (Gauntlet)
  5 wraiths (D:14)
  A vampire (D:12)
  9 wyverns
  Grum (D:9)
  35 yaks
  11 basilisks
  27 vampire mosquitoes
  2 fire elementals
  8 steam dragons
  8 redbacks (D:13)
  Menkaure (D:7)
  3 nagas (Lair:3)
  13 wargs
  Edmund (D:6)
  6 acid dragons
  A hydra simulacrum (Swamp:4)
  25 swamp worms
  19 water moccasins
  18 hell hounds
  12 swamp drakes
  43 orc warriors
  A sky beast (D:7)
  11 black bears (Lair:5)
  28 wolves
  5 ogres
  2 boggarts (Gauntlet)
  3 lemures (D:9)
  2 phantoms
  15 centaurs
  16 bullfrogs
  2 necrophages (Swamp:3)
  5 scorpions
  7 wights
  31 killer bees
  5 howler monkeys
  26 orc priests
  3 hounds
  A jelly (Lair:5)
  A sleepcap (D:6)
  3 iguanas
  24 orc wizards
  10 adders
  12 gnolls
  An ufetubus (D:5)
  2 dart slugs
  2 worms
  92 orcs
  10 endoplasms
  14 giant cockroaches
  27 goblins
  17 hobgoblins
  5 jackals
  8 kobolds
  11 quokkas
  9 ball pythons
  13 bats
  11 frilled lizards
  2 rats
  3 butterflies (Lair:1)
1031 creatures vanquished.

Vanquished Creatures (collateral kills)
  Rupert (Lair:5)
  2 two-headed ogres (D:9)
  A troll (D:9)
  2 orc warriors (Bailey)
  A centaur (D:9)
  2 orc priests (D:9)
  3 orcs
  6 boulders
18 creatures vanquished.

Vanquished Creatures (others)
  2 rime drakes (Lair:3)
  A troll (D:10)
  3 bloated husks (Swamp:1)
  A shadow (D:11)
  A swamp worm (Swamp:2)
  2 steam dragons (Lair:3)
  11 boulders
  6 foxfires
  A spectral weapon (Lair:1)
28 creatures vanquished.

Grand Total: 1077 creatures vanquished

Notes
Turn   | Place    | Note
-------+----------+-------------------------------------------
     0 | D:1      | CrazyBamboolord the Gargoyle Earth Elementalist began the
                  | quest for the Orb.
     0 | D:1      | Reached XP level 1. HP: 10/10 MP: 3/3
    53 | D:1      | Reached skill level 1 in Transmutations
    53 | D:1      | Reached XP level 2. HP: 15/15 MP: 1/5
   310 | D:1      | Found a faded altar of an unknown god.
   362 | D:1      | Reached XP level 3. HP: 20/20 MP: 3/6
   859 | D:2      | Reached XP level 4. HP: 24/24 MP: 5/7
   883 | D:2      | Reached skill level 1 in Fighting
  1213 | D:2      | Reached skill level 1 in Conjurations
  1294 | D:2      | Noticed Sigmund
  1302 | D:2      | Killed Sigmund
  1303 | D:2      | Reached XP level 5. HP: 21/29 MP: 2/9
  1303 | D:2      | Reached XP level 6. HP: 24/34 MP: 2/10
  1727 | D:3      | Noticed Grinder
  1727 | D:3      | Paralysed by Grinder for 4 turns
  1737 | D:3      | Killed Grinder
  1738 | D:3      | Reached skill level 2 in Conjurations
  1989 | D:3      | Found a white marble altar of Elyvilon.
  1989 | D:3      | Found a glowing silver altar of Zin.
  1994 | D:3      | Found an ancient bone altar of Kikubaaqudgha.
  1997 | D:3      | Found a shadowy altar of Dithmenos.
  2001 | D:3      | Found a sparkling altar of Nemelex Xobeh.
  2005 | D:3      | Found a blossoming altar of Fedhas.
  2018 | D:3      | Learned a level 2 spell: Passwall
  2022 | D:3      | Learned a level 3 spell: Stone Arrow
  2212 | D:3      | Got an upside-down book
  2385 | D:4      | Reached XP level 7. HP: 40/40 MP: 9/12
  3515 | D:5      | Entered Level 5 of the Dungeon
  3535 | D:5      | Found a bloodstained altar of Trog.
  3626 | D:5      | Reached XP level 8. HP: 40/45 MP: 5/14
  3714 | D:5      | Found a hide-covered altar of Uskayaw.
  3720 | D:5      | Reached skill level 5 in Earth Magic
  4045 | D:5      | Reached skill level 3 in Conjurations
  4302 | D:5      | Found a staircase to the Ecumenical Temple.
  4418 | Temple   | Entered the Ecumenical Temple
  4451 | Temple   | Became a worshipper of Vehumet
  4825 | D:6      | Found a glowing drain.
  4837 | Sewer    | Entered a sewer
  5156 | Sewer    | Reached * piety under Vehumet
  5156 | Sewer    | Offered knowledge of Freeze by Vehumet.
  5161 | Sewer    | Learned a level 1 spell: Foxfire
  5531 | D:6      | Noticed Edmund
  5551 | D:6      | Killed Edmund
  5552 | D:6      | Reached skill level 1 in Fire Magic
  5552 | D:6      | Reached XP level 9. HP: 41/51 MP: 2/16
  5557 | D:6      | Learned a level 4 spell: Brom's Barrelling Boulder
  5668 | D:6      | Reached skill level 5 in Spellcasting
  6106 | D:6      | Reached skill level 5 in Stealth
  6106 | D:6      | Reached skill level 4 in Conjurations
  6298 | D:6      | Reached skill level 5 in Dodging
  6662 | D:7      | Reached XP level 10. HP: 54/58 MP: 11/18
  6854 | D:7      | Noticed Menkaure
  6857 | D:7      | Killed Menkaure
  7209 | D:8      | Learned a level 4 spell: Petrify
  7239 | D:8      | Found a broken altar of Ashenzari.
  7403 | D:8      | Reached skill level 5 in Fighting
  7502 | D:8      | Reached ** piety under Vehumet
  7504 | D:8      | Offered knowledge of Scorch by Vehumet.
  8362 | D:9      | Reached skill level 5 in Conjurations
  8423 | D:9      | Noticed a four-headed hydra
  8428 | D:9      | Killed a four-headed hydra
  8448 | D:9      | Noticed a two-headed ogre
  8448 | D:9      | Noticed a two-headed ogre
  8462 | D:9      | Killed a two-headed ogre
  8471 | D:9      | Killed a two-headed ogre
  8471 | D:9      | Offered knowledge of Volatile Blastmotes by Vehumet.
  8472 | D:9      | Reached XP level 11. HP: 52/66 MP: 3/21
  8508 | D:9      | Noticed a green ugly thing
  8515 | D:9      | Killed a green ugly thing
  8538 | D:9      | Noticed Pikel
  8548 | D:9      | Killed Pikel
  8582 | D:9      | Noticed a two-headed ogre
  8595 | D:9      | Killed a two-headed ogre
  8595 | D:9      | Reached *** piety under Vehumet
  8639 | D:9      | Found a flagged portal.
  8645 | Bailey   | Entered a bailey
  9211 | Bailey   | Offered knowledge of Flame Wave by Vehumet.
  9403 | Bailey   | Reached skill level 6 in Conjurations
  9712 | Bailey   | Noticed an orc warlord
  9715 | Bailey   | Reached **** piety under Vehumet
  9768 | Bailey   | Killed an orc warlord
  9769 | Bailey   | Reached skill level 5 in Fire Magic
  9769 | Bailey   | Reached skill level 10 in Earth Magic
 10158 | D:9      | Noticed Grum
 10159 | D:9      | Offered knowledge of Irradiate by Vehumet.
 10162 | D:9      | Killed Grum
 10397 | D:9      | Found a shimmering blue altar of Sif Muna.
 10600 | D:10     | Entered Level 10 of the Dungeon
 10619 | D:10     | Identified the +2 cloak of the Foremost Ears {rElec Dex+3}
 10892 | D:10     | Identified the +1 pair of boots of Nistas {rC- Int+3 Dex+4}
 11411 | D:10     | Learned a level 6 spell: Starburst
 11682 | D:10     | Found Raojuja's Antique Armour Emporium.
 12076 | D:11     | Noticed a two-headed ogre
 12080 | D:11     | Killed a two-headed ogre
 12081 | D:11     | Reached XP level 12. HP: 72/72 MP: 16/24
 12529 | D:11     | Noticed a boulder beetle
 12536 | D:11     | Killed a boulder beetle
 12578 | D:11     | Reached skill level 7 in Conjurations
 12850 | D:11     | Noticed a two-headed ogre
 12858 | D:11     | Killed a two-headed ogre
 13210 | D:11     | Found a staircase to the Orcish Mines.
 13227 | D:11     | Reached ***** piety under Vehumet
 13249 | D:11     | Offered knowledge of Sticky Flame by Vehumet.
 13525 | D:11     | Found a staircase to the Lair.
 13884 | D:11     | Learned a level 4 spell: Sticky Flame
 14014 | Lair:1   | Entered Level 1 of the Lair of Beasts
 14156 | Lair:1   | Reached skill level 8 in Conjurations
 14307 | Lair:1   | Found a shadowy altar of Dithmenos.
 14379 | Lair:1   | Reached XP level 13. HP: 69/80 MP: 6/25
 14745 | Lair:1   | Reached skill level 9 in Conjurations
 15568 | Lair:2   | Found the +7 staff of the Meek {protect, meekguard}
 15916 | Lair:2   | Noticed Urug
 15921 | Lair:2   | Killed Urug
 15966 | Lair:2   | Reached skill level 1 in Staves
 16029 | Lair:2   | Found a transporter.
 16049 | Lair:2   | Found a transporter.
 16188 | Lair:2   | Reached skill level 10 in Conjurations
 16281 | Lair:2   | Identified the +0 pair of boots of Understanding {Drain rN+
                  | Dex+2}
 16283 | Lair:2   | Identified the ring "Bopleeli" {rElec rN+++ Will- EV+5
                  | Stlth-}
 17467 | Lair:3   | Reached skill level 10 in Fire Magic
 17586 | Lair:3   | Reached skill level 11 in Conjurations
 17847 | Lair:3   | Found a staircase to the Swamp.
 18010 | Lair:3   | Gained mutation: Your large and strong wings let you fly.
                  | [Gargoyle growth]
 18010 | Lair:3   | Reached XP level 14. HP: 86/86 MP: 11/26
 18027 | Lair:3   | Reached skill level 5 in Staves
 18092 | Lair:3   | Found a staircase to the Snake Pit.
 18427 | Lair:3   | Offered knowledge of Bombard by Vehumet.
 18870 | Lair:3   | Learned a level 6 spell: Bombard
 18890 | Swamp:1  | Entered Level 1 of the Swamp
 19873 | Lair:4   | Reached skill level 12 in Conjurations
 20306 | Lair:5   | Entered Level 5 of the Lair of Beasts
 20309 | Lair:5   | Noticed Rupert
 20937 | Lair:5   | Killed Rupert
 21039 | Lair:5   | Found a viscous altar of Jiyva.
 21040 | Lair:5   | Found a staircase to the Slime Pits.
 21104 | Lair:5   | Offered knowledge of Fireball by Vehumet.
 22568 | Lair:5   | Found the +3 giant club "Skullcrusher" {speed, Str+7}
 22837 | Lair:5   | Reached XP level 15. HP: 90/90 MP: 17/27
 23318 | Lair:5   | Offered knowledge of Lee's Rapid Deconstruction by Vehumet.
 23487 | Lair:5   | Reached skill level 10 in Spellcasting
 23987 | Lair:5   | Learned a level 5 spell: Lee's Rapid Deconstruction
 24145 | Orc:1    | Entered Level 1 of the Orcish Mines
 24268 | Orc:2    | Entered Level 2 of the Orcish Mines
 24274 | Orc:2    | Found Narahaen's Armour Emporium.
 24318 | Orc:2    | Found a dark tunnel.
 24420 | Volcano  | Entered a volcano
 25000 | Volcano  | Noticed an orb of fire
 25045 | Volcano  | Noticed an orb of fire
 25408 | Orc:1    | Noticed Snorg
 25418 | Orc:1    | Killed Snorg
 25742 | Orc:1    | Noticed Essalna's ghost (journeyman GrFE)
 25743 | Orc:1    | Found a transporter.
 25763 | Orc:1    | Identified the +0 great mace of Qeunezew {venom, rElec
                  | MP+9}
 25770 | Orc:1    | Found a transporter.
 26109 | Orc:2    | Noticed Azrael
 26172 | Orc:1    | Killed Azrael
 26369 | Orc:2    | Found a staircase to the Elven Halls.
 26406 | Orc:2    | Reached ****** piety under Vehumet
 26688 | Orc:2    | Offered knowledge of Arcjolt by Vehumet.
 26695 | Orc:2    | Found Hoedd's Antique Armour Emporium.
 26696 | Orc:2    | Found Ixoph's Assorted Antiques.
 26696 | Orc:2    | Found Gemithof's Distillery.
 26823 | Orc:2    | Bought a potion of might for 52 gold pieces
 26823 | Orc:2    | Bought a potion of curing for 39 gold pieces
 26823 | Orc:2    | Bought a potion of lignification for 39 gold pieces
 26823 | Orc:2    | Bought a potion of enlightenment for 65 gold pieces
 26823 | Orc:2    | Bought a potion of ambrosia for 104 gold pieces
 26823 | Orc:2    | Bought a potion of curing for 39 gold pieces
 26823 | Orc:2    | Bought 2 potions of heal wounds for 130 gold pieces
 26825 | Orc:2    | Bought the +4 robe "Omahosog" {MP+9} for 652 gold pieces
 26825 | Orc:2    | Bought the +0 pair of gloves "Fis Enue" {Str+4 Dex+3} for
                  | 366 gold pieces
 27269 | D:12     | Identified the +3 dagger of Wariness {vamp, *Slow rN+++
                  | Int+4}
 28423 | D:13     | Found a gate to the Vaults.
 28432 | D:13     | Found a gate leading to a gauntlet.
 28440 | Gauntlet | Entered a Gauntlet
 28440 | Gauntlet | Found a transporter.
 28440 | Gauntlet | Found a transporter.
 28477 | Gauntlet | Found a transporter.
 28478 | Gauntlet | Found a transporter.
 28487 | Gauntlet | Found a transporter.
 28489 | Gauntlet | Found a transporter.
 28499 | Gauntlet | Found a transporter.
 28519 | Gauntlet | Found a transporter.
 28534 | Gauntlet | Found a transporter.
 28537 | Gauntlet | Found a transporter.
 28545 | Gauntlet | Found a transporter.
 28548 | Gauntlet | Found a transporter.
 28694 | Gauntlet | Reached XP level 16. HP: 96/96 MP: 32/32
 28906 | Gauntlet | Identified the +8 plate armour of the Sun {Fly rF++}
 29143 | D:13     | Noticed Frances
 29148 | D:13     | Killed Frances
 30467 | D:13     | Reached skill level 10 in Fighting
 30739 | D:14     | Found a glowing silver altar of Zin.
 30740 | D:14     | Identified the +1 leather armour of Sunlight {MP-9 Int+4
                  | SInv}
 31192 | D:14     | Noticed Josephine
 31201 | D:14     | Killed Josephine
 31737 | D:15     | Entered Level 15 of the Dungeon
 32065 | D:15     | Offered knowledge of Yara's Violent Unravelling by Vehumet.
 32212 | D:15     | Reached skill level 13 in Conjurations
 32585 | D:15     | Found a staircase to the Depths.
 33494 | Swamp:1  | Noticed Mlioglotl
 33655 | Swamp:1  | Killed Mlioglotl
 33656 | Swamp:1  | Reached skill level 10 in Dodging
 34663 | Swamp:2  | Reached XP level 17. HP: 104/104 MP: 14/33
 35910 | Swamp:3  | Offered knowledge of Ignition by Vehumet.
 36069 | Swamp:2  | Learned a level 8 spell: Ignition
 37084 | Swamp:4  | Entered Level 4 of the Swamp
 37160 | Swamp:4  | Reached skill level 14 in Conjurations
 37434 | Swamp:4  | Offered knowledge of Lehudib's Crystal Spear by Vehumet.
 37434 | Swamp:4  | Offered knowledge of Fire Storm by Vehumet.
 37434 | Swamp:4  | Offered knowledge of Shatter by Vehumet.
 37451 | Swamp:4  | Reached XP level 18. HP: 63/112 MP: 26/35
 37456 | Swamp:4  | Paralysed by a vampire knight for 5 turns
 37464 | Swamp:4  | Paralysed by something for 2 turns
 37465 | Swamp:4  | Slain by a vampire knight

Illustrated notes

Levels and vault maps discovered:
D:1:      co_arrival_square_in_a_square_in_a_square, layout_rooms,
          hellmonk_ecumenical_altar_crossroads, minmay_pentomino_p4
D:2:      layout_loops_ring, uniq_sigmund
D:3:      layout_loops_ring, nicolae_overflow_hallway_of_the_gods,
          kennysheep_generic_room_13, uniq_grinder
D:4:      layout_basic
D:5:      layout_loops_corners, mainiacjoe_overflow_chevrons,
          trog_three_pillars_becter, temple_pool_b, grunt_ministairs_4
D:6:      layout_loops_cross, cheibrodos_sewer_entry_bend, uniq_edmund
D:7:      layout_loops_cross, uniq_menkaure
D:8:      layout_loops_ring, kennysheep_mini, nrook_uturn
D:9:      minmay_opposing_rooms, layout_small_grid,
          mainiacjoe_overflow_concentric_impassable, enter_bailey_3, uniq_grum,
          uniq_pikel
D:10:     layout_loops_corners, serial_shops, shop, minmay_chambers_of_fives
D:11:     layout_cave_pods, lair_entry_dummy, david_orc_5, minmay_joined_circles
D:12:     layout_roguey
D:13:     layout_cave_pods, david_vaults_1, gauntlet_entry_generic, drop_trap,
          minmay_variable_closet, uniq_frances
D:14:     layout_basic, lemuel_tele_altar, uniq_josephine
D:15:     hangedman_depths_entry_try_elsewhere_first, layout_loops_ring,
          chequers_arboretum
Temple:   nicolae_temple_godzebo
Lair:1:   layout_regular_city, basic_altar, chequers_serial_rivers_large_a,
          lemuel_fruit_tree, lemuel_fruit_fields, serial_bayou_shore_b,
          lemuel_fruit_fields, infiniplex_staircase_pool
Lair:2:   gammafunk_worm_tunnel, layout_gridlike, uniq_urug
Lair:3:   layout_hall_layers, swamp_mist, alex1729_snake_entry_snake,
          special_room [special_room_bee], bobbens_dragon_lair_wall,
          grunt_megastairs_3
Lair:4:   layout_regular_city, serial_rivers, chequers_serial_rivers_small_b,
          chequers_serial_rivers_micro_e, chequers_serial_rivers_micro_a,
          chequers_serial_rivers_micro_a, chequers_serial_rivers_micro_d,
          chequers_serial_rivers_room_a, minmay_lair_oklob_bushes,
          serial_bayou_pond_e
Lair:5:   hangedman_lair_in_review, layout_layer_cave,
          hangedman_lair_caniforms_friends, nicolae_slime_entry_slimehenge,
          uniq_rupert
Swamp:1:  layout_basic_swamp, nicolae_swamp_little_swirl, swamp_pool5,
          roderic_carrion_pond, uniq_mlioglotl
Swamp:2:  layout_basic_swamp, nicolae_swamp_tree_isthmus
Swamp:3:  layout_basic_swamp, evilmike_swamp_ruin_house_5
Swamp:4:  byrel_swamp_growth_death_and_undeath, layout_basic_swamp
Orc:1:    layout_caves, gammafunk_ghost_smash, mines_bat_river, uniq_snorg
Orc:2:    st_orc_elflike, layout_caves, nicolae_volcano_entry_vermiform,
          mines5_lemuel, uniq_azrael

Skill      XL: |  1  2  3  4  5  6  7  8  9 10 11 12 13 14 15 16 17 |
---------------+----------------------------------------------------+-----
Transmutations | 1 2 3 4 |  4.0
Dodging        | 2 3 4 5 6 7 8 9 10 | 10.9
Fighting       | 1 2 3 4 6 7 9 10 12 | 12.0
Conjurations   | 1 2 3 4 5 6 8 11 12 13 14 | 14.4
Stealth        | 3 4 5 |  5.0
Earth Magic    | 4 6 7 9 10 11 12 13 | 13.8
Spellcasting   | 3 4 5 7 8 12 13 | 13.6
Fire Magic     | 1 2 3 7 8 10 11 12 13 | 13.9
Staves         | 4 8 |  8.0

Action                     |  1- 3 |  4- 6 |  7- 9 | 10-12 | 13-15 | 16-18 || total
---------------------------+-------+-------+-------+-------+-------+-------++-------
  Melee: Unarmed           |     7 |       |       |       |       |       ||     7
         Short sword       |    10 |       |     4 |       |       |       ||    14
         Dagger            |       |       |     2 |   147 |    36 |       ||   185
         Punch             |       |       |       |     5 |       |       ||     5
         Quarterstaff      |       |       |       |       |   347 |    52 ||   399
  Throw: Throwing net      |       |       |       |     2 |       |       ||     2
   Cast: Sandblast         |    37 |    41 |   257 |   103 |     3 |       ||   441
         Stone Arrow       |       |       |     1 |   209 |   523 |   231 ||   964
         Brom's Barrelling |       |       |       |    26 |     2 |     1 ||    29
         Petrify           |       |       |       |     3 |     1 |     1 ||     5
         Starburst         |       |       |       |     7 |    78 |    40 ||   125
         Foxfire           |       |       |       |     1 |     3 |       ||     4
         Sticky Flame      |       |       |       |       |     3 |     2 ||     5
         Bombard           |       |       |       |       |    16 |   164 ||   180
         Lee's Rapid Decon |       |       |       |       |    16 |     8 ||    24
         Ignition          |       |       |       |       |       |    19 ||    19
  Evoke: Wand              |       |       |       |    11 |     3 |       ||    14
         Sack of spiders   |       |       |       |       |     1 |       ||     1
         Phantom mirror    |       |       |       |       |     1 |       ||     1
    Use: Scroll            |       |       |    11 |    15 |    11 |     8 ||    45
         Potion            |       |       |       |     7 |     6 |     2 ||    15
   Stab: Distracted        |       |       |       |     4 |     1 |       ||     5
         Sleeping          |       |       |       |       |     1 |       ||     1
 Armour: Robe              |    38 |    10 |   112 |       |    21 |   282 ||   463
         Steam dragon scal |       |       |    35 |   195 |   645 |       ||   875
  Dodge: Dodged            |    35 |     9 |   156 |   320 |   690 |   202 ||  1412

Table legend: (Time is in decaauts)
 A = Elapsed time spent in this place.
 B = Non-inter-level travel time spent in this place.
 C = Inter-level travel time spent in this place.
 D = Time resting spent in this place.
 E = Time spent auto-exploring this place.
 F = Levels seen in this place.
 G = Mean time per level.
                   A        B        C        D        E       F      G
               +--------+--------+--------+--------+--------+-----+--------+
         Total |  37749 |  35922 |   1827 |   4314 |  24945 |  31 | 1217.7 |
       Dungeon |  17513 |  16445 |   1068 |    816 |  13028 |  15 | 1167.5 |
        Temple |     66 |      2 |     64 |      0 |      0 |   1 |   66.0 |
          Lair |  10309 |   9983 |    326 |    985 |   7428 |   5 | 2061.8 |
         Swamp |   3954 |   3890 |     64 |    882 |   2225 |   4 |  988.5 |
  Orcish Mines |   2493 |   2189 |    304 |    278 |   1594 |   2 | 1246.5 |
         Sewer |    691 |    691 |      0 |    126 |    346 |   1 |  691.0 |
        Bailey |   1329 |   1329 |      0 |    824 |      0 |   1 | 1329.0 |
       Volcano |    691 |    691 |      0 |    295 |     12 |   1 |  691.0 |
      Gauntlet |    698 |    698 |      0 |    108 |    311 |   1 |  698.0 |
               +--------+--------+--------+--------+--------+-----+--------+

Top non-repeatable levels by time:
  Lair:5: 3482 daAuts
    D:11: 2195 daAuts
  Lair:3: 2129 daAuts
  Lair:2: 1663 daAuts
  Lair:4: 1631 daAuts
    D:15: 1458 daAuts
    D:10: 1439 daAuts
  Lair:1: 1402 daAuts
    D:13: 1384 daAuts
   Orc:2: 1372 daAuts
 Swamp:2: 1371 daAuts
  Bailey: 1329 daAuts
    D:14: 1300 daAuts
     D:5: 1193 daAuts
     D:8: 1147 daAuts
